 Dungeon Crawl Stone Soup version 0.25-a0-645-gb4487340cb (webtiles) character file.

Game seed: 9703206072830948625, levelgen mode: deterministic

4005 An17 the Cruncher (level 10, 0/77 HPs)
             Began as a Demonspawn Wanderer on Mar 21, 2020.
             Was an Elder of Makhleb.
             Slain by a gnoll
             ... wielding a +0 spear
              (4 damage)
             ... on level 9 of the Dungeon.
             The game lasted 00:22:36 (7063 turns).

An17 the Cruncher (Demonspawn Wanderer)             Turns: 7063, Time: 00:22:37

Health: 0/77       AC: 10    Str: 19    XL:     10   Next: 3%
Magic:  14/14      EV: 12    Int: 12    God:    Makhleb [****..]
Gold:   490        SH:  0    Dex: 11    Spells: 9/9 levels left

rFire    . . .     SeeInvis .   a - +3 quarterstaff
rCold    + + .     Gourm    .   (shield currently unavailable)
rNeg     . . .     Faith    +   o - +1 ring mail {rPois}
rPois    +         Spirit   .   (helmet restricted)
rElec    .         Reflect  .   (no cloak)
rCorr    .         Harm     .   (no gloves)
MR       .....                  u - +2 pair of boots {Fly}
Stlth    ++........             n - amulet of faith
HPRegen  0.22/turn              k - ring of stealth
MPRegen  0.14/turn              i - ring of protection from cold

@: flying, lightly drained
A: horns 1, cold resistance 1
a: Minor Destruction, Lesser Servant of Makhleb, Major Destruction, Renounce
Religion, Stop Flying


You were on level 9 of the Dungeon.
You worshipped Makhleb.
Makhleb was greatly pleased with you.
You were hungry.

You visited 2 branches of the dungeon, and saw 10 of its levels.
You also visited: Sewer and Ossuary.

You collected 514 gold pieces.
You spent 24 gold pieces at shops.

Inventory:

Hand Weapons
 a - a +3 quarterstaff (weapon)
 y - a +4 falchion
 C - a +3 rapier of draining
 F - a +1 vampiric dagger
Missiles
 r - 17 poisoned darts (quivered)
Armour
 j - a cursed +0 chain mail
 o - a +1 ring mail of poison resistance (worn)
 u - a +2 pair of boots of flying (worn)
 G - the +2 helmet "Xar Tavi" {Str+3 Int+3, unknown}
   (You found it on level 8 of the Dungeon)

   It affects your strength (+3).
   It affects your intelligence (+3).
Jewellery
 i - a ring of protection from cold (right hand)
 k - a ring of stealth (left hand)
 n - an amulet of faith (around neck)
Wands
 h - a wand of random effects (35)
 m - a wand of iceblast (20)
 D - a wand of digging (7)
 E - a wand of flame (10)
 H - a wand of polymorph (7)
Scrolls
 c - 7 scrolls of teleportation
 g - 2 scrolls of immolation
 l - 2 scrolls of enchant armour
 p - 3 scrolls of fog
 s - 5 scrolls of remove curse
 v - 2 scrolls of enchant weapon
 w - 2 scrolls of magic mapping
 B - 2 scrolls of fear
Potions
 b - 9 potions of curing
 d - a potion of ambrosia
 e - 3 potions of stabbing
 q - 5 potions of heal wounds
 t - 6 potions of brilliance
 x - a potion of magic {unknown}
 z - 4 potions of might {unknown}
 A - a potion of haste
Comestibles
 f - 4 rations


   Skills:
 + Level 6.6 Fighting
 + Level 9.4(9.3) Staves
 - Level 1.8 Throwing
 + Level 5.4(5.3) Armour
 + Level 4.4(4.3) Dodging
 * Level 6.0 Invocations


You had 9 spell levels left.
You didn't know any spells.
Your spell library contained the following spells:

 Spells                   Type           Power        Failure   Level  Hunger
 Animate Skeleton         Necr           N/A          47%         1    ##.....
 Apportation              Tloc           #.....       47%         1    ##.....
 Corona                   Hex            #......      47%         1    ##.....
 Summon Small Mammal      Summ           #...         47%         1    ##.....
 Call Imp                 Summ           #.......     63%         2    ###....
 Call Canine Familiar     Summ           #.......     85%         3    ####...
 Confusing Touch          Hex            #.......     85%         3    ####...
 Gell's Gravitas          Tloc           #.........   85%         3    ####...
 Summon Guardian Golem    Hex/Summ       #.......     85%         3    ####...
 Petrify                  Tmut/Erth      #.......     99%         4    #####..
 Summon Ice Beast         Ice/Summ       #.......     99%         4    #####..
 Summon Lightning Spire   Summ/Air       #.......     99%         4    #####..
 Metabolic Englaciation   Hex/Ice        #.........   100%        5    ######.
 Yara's Violent Unravell  Hex/Tmut       #.........   100%        5    ######.


Dungeon Overview and Level Annotations

Branches:
Dungeon (9/15)             Temple (1/1) D:4            Lair (0/6) D:9
  Sewer (visited)         Ossuary (visited)
    Orc: D:9-12

Altars:
Ashenzari
Cheibriados
Dithmenos
Elyvilon
Fedhas
Gozag
Hepliaklqana
Kikubaaqudgha
Makhleb
Nemelex Xobeh
Okawaru
Qazlal
Ru
Sif Muna
Trog
Uskayaw
Vehumet
Wu Jian
Xom
Yredelemnul
Zin
The Shining One

Shops:
D:8 *


Innate Abilities, Weirdness & Mutations

You have a pair of small horns on your head.
Your flesh is cold resistant. (rC+)


Message History

The gnoll sergeant is heavily wounded.
The gnoll sergeant closely misses you. The gnoll barely misses you.
The gnoll sergeant blocks your attack.
The gnoll sergeant is heavily wounded.
The gnoll sergeant hits you but does no damage.
The gnoll hits you but does no damage. The gnoll sergeant blocks your attack.
Your headbutt misses the gnoll sergeant.
The gnoll sergeant is heavily wounded.
The gnoll sergeant hits you with a +0 spear!
* * * LOW HITPOINT WARNING * * *
You barely miss the gnoll sergeant.
The gnoll sergeant is heavily wounded.
The gnoll barely misses you.
The gnoll sergeant hits you but does no damage.
You hit the gnoll sergeant.
You headbutt the gnoll sergeant, but do no damage.
The gnoll sergeant is severely wounded.
The gnoll hits you from afar with a +0 spear.
You die...

# #..## # #........ #.... #
#.?...... .... # #........ #### #
#.......# # ######## #.....<.# #
........ ........# # ........
........# ## ........ .......@#
#. ........ .....gg)# ..... ####.
###..... .......)#####..... .....
..#...##########.)......... .....
..#...# .......#........?.. .....
..#...# .......#........... .....
###...# .......#........... .....
......###......'........... .....
#.......#...<..#....#########+#..


You could see a gnoll sergeant and a gnoll.

Vanquished Creatures
  A wraith (Ossuary)
  A wyvern (D:5)
  Edmund (D:6)
  2 wargs (D:9)
  An orc warrior (D:6)
  A sky beast (D:8)
  7 ogres
  2 ice beasts
  2 phantoms
  A centaur (D:6)
  3 big kobolds
  An elf zombie (Ossuary)
  6 bullfrogs
  A scorpion (D:4)
  6 wights
  A howler monkey (D:4)
  3 crimson imps
  A hound (D:8)
  4 orc priests
  A bullfrog skeleton (D:8)
  A jelly (D:6)
  4 iguanas
  Terence (D:3)
  3 orc wizards
  8 worker ants
  2 hound zombies (D:7)
  3 mummies (Ossuary)
  A worker ant zombie (D:7)
  8 gnolls
  9 adders
  A shadow imp (D:7)
  3 oozes
  6 adder zombies
  5 adder skeletons
  3 worms
  3 dart slugs
  2 leopard geckos
  19 orcs
  7 ball pythons
  9 bats
  A bat skeleton (D:2)
  3 bat zombies (D:2)
  6 giant cockroaches
  10 goblins
  4 hobgoblins
  11 jackals
  A quokka (D:3)
  2 ball python zombies (D:2)
  6 frilled lizards
  6 goblin zombies (Ossuary)
  27 kobolds
  3 kobold zombies (Ossuary)
  2 leopard gecko skeletons
  2 quokka skeletons
  A quokka zombie (D:6)
  13 rats
242 creatures vanquished.

Vanquished Creatures (others)
  A bush (D:6)
  7 plants
8 creatures vanquished.

Grand Total: 250 creatures vanquished

Notes
Turn   | Place    | Note
-------+----------+-------------------------------------------
     0 | D:1      | An17 the Demonspawn Wanderer began the quest for the Orb.
     0 | D:1      | An17 set off with the following items: a +2 quarterstaff, a
                  | potion of curing, a scroll of teleportation, a +0 robe, a
                  | ration
     0 | D:1      | Reached XP level 1. HP: 18/18 MP: 1/1
    55 | D:1      | Reached skill level 3 in Staves
    55 | D:1      | Gained mutation: Your flesh is cold resistant. (rC+)
                  | [demonic ancestry]
    55 | D:1      | Reached XP level 2. HP: 12/24 MP: 2/2
   725 | D:2      | Reached XP level 3. HP: 27/29 MP: 3/3
   950 | D:2      | Reached XP level 4. HP: 36/36 MP: 4/4
  1016 | D:2      | Reached skill level 1 in Armour
  1324 | D:2      | Reached skill level 4 in Staves
  1496 | D:3      | Reached XP level 5. HP: 38/42 MP: 5/5
  1659 | D:3      | Noticed Terence
  1674 | D:3      | Killed Terence
  2047 | D:4      | Found a staircase to the Ecumenical Temple.
  2085 | Temple   | Entered the Ecumenical Temple
  2285 | Temple   | Became a worshipper of Makhleb the Destroyer
  2469 | D:4      | Noticed an ogre
  2477 | D:4      | Killed an ogre
  2477 | D:4      | Reached skill level 5 in Staves
  2477 | D:4      | Gained mutation: You have a pair of small horns on your
                  | head. [demonic ancestry]
  2477 | D:4      | Reached XP level 6. HP: 29/48 MP: 6/6
  2962 | D:5      | Entered Level 5 of the Dungeon
  2974 | D:5      | Found a sparkling altar of Nemelex Xobeh.
  3006 | D:5      | Found a glowing drain.
  3038 | Sewer    | Entered a sewer
  3107 | Sewer    | Reached * piety under Makhleb
  3124 | Sewer    | Reached XP level 7. HP: 50/55 MP: 7/7
  3341 | D:5      | Noticed a wyvern
  3361 | D:5      | Killed a wyvern
  3361 | D:5      | Reached skill level 6 in Staves
  3598 | D:5      | Found a stormy altar of Qazlal.
  3833 | D:6      | Found a shattered altar of Ashenzari.
  3902 | D:6      | Noticed Edmund
  3917 | D:6      | Killed Edmund
  3917 | D:6      | Reached XP level 8. HP: 42/61 MP: 8/8
  3963 | D:6      | Reached ** piety under Makhleb
  3963 | D:6      | Reached skill level 5 in Fighting
  4005 | D:6      | Found a sand-covered staircase.
  4010 | Ossuary  | Entered an ossuary
  4046 | Ossuary  | Reached skill level 1 in Invocations
  4091 | Ossuary  | Reached skill level 7 in Staves
  4463 | D:6      | Found an iron altar of Okawaru.
  4463 | D:6      | Found a hide-covered altar of Uskayaw.
  4746 | D:6      | Found a blossoming altar of Fedhas.
  4992 | D:6      | Reached XP level 9. HP: 64/69 MP: 11/11
  5003 | D:6      | Reached skill level 8 in Staves
  5153 | D:6      | Found a glowing silver altar of Zin.
  5154 | D:6      | Noticed an angel
  5414 | D:7      | Reached *** piety under Makhleb
  5477 | D:7      | Reached skill level 5 in Armour
  5496 | D:7      | Found a basalt altar of Yredelemnul.
  5888 | D:7      | Reached skill level 5 in Invocations
  6288 | D:8      | Got a scorched helmet
  6334 | D:8      | Reached skill level 9 in Staves
  6534 | D:8      | Found Ezusseja's General Store.
  6544 | D:8      | Bought a scroll of identify for 24 gold pieces
  6914 | D:9      | Reached **** piety under Makhleb
  7001 | D:9      | Found a staircase to the Lair.
  7029 | D:9      | Reached XP level 10. HP: 43/77 MP: 14/14
  7063 | D:9      | Slain by a gnoll

Levels and vault maps discovered:
D:1:      doesnt_arrival_eight_statues, layout_basic, minmay_splitting_lines
D:2:      layout_loops_cross, first_ration, serial_undead, serial_undead_b,
          serial_undead_e, serial_undead_e, serial_undead_b, serial_undead_a,
          serial_undead_a, serial_undead_f, serial_undead_d, serial_undead_a,
          serial_undead_a
D:3:      layout_loops_ring, uniq_terence
D:4:      layout_basic, minmay_temple_entry_statues_fountains
D:5:      layout_rooms, nemelex_xobeh_ov_fountains_minmay, portal_sewer_entry_c,
          nicolae_qazlal_eye_of_the_storm
D:6:      minmay_diamond_boxcup, layout_loops_ring, cheibrodos_ashenzari_chains,
          zin_angel, gammafunk_temple_overflow_wave, enter_ossuary_2,
          fedhas_altar_decomposition, uniq_edmund
D:7:      layout_layer_cave, old_standard_altar
D:8:      layout_rooms, serial_shops, shop
D:9:      lemuel_castle_with_subvaults [lemuel_castle_interior_carwin_2],
          layout_irregular_city, lair_entry_dummy
Temple:   eino_temple_scatter_basement

Skill      XL: |  1  2  3  4  5  6  7  8  9 |
---------------+----------------------------+-----
Staves         | 3 4 5 6 7 9 |  9.4
Dodging        | 2 3 4 |  4.4
Armour         | 1 2 3 4 5 |  5.4
Fighting       | 4 5 6 |  6.6
Invocations    | 3 6 |  6.0
Throwing       | |  1.8

Action                   |  1- 3 |  4- 6 |  7- 9 | 10-12 || total
-------------------------+-------+-------+-------+-------++-------
Melee: Quarterstaff      |   117 |   213 |   481 |    18 ||   829
       Headbutt          |       |    11 |    83 |     6 ||   100
Invok: Minor Destruction |       |       |       |     1 ||     1
  Use: Scroll            |     5 |     5 |    10 |       ||    20
       Potion            |       |       |     1 |       ||     1
 Stab: Sleeping          |       |     3 |     4 |       ||     7
  Eat: Chunk             |       |     3 |       |       ||     3
       Ration            |       |     2 |     3 |       ||     5
Armor: Robe              |     7 |       |       |       ||     7
       Ring mail         |    48 |   111 |   163 |    11 ||   333
Dodge: Dodged            |    68 |   185 |   297 |    14 ||   564

Table legend:
 A = Non-vault XP
 B = Vault XP
 C = Vault XP percentage of total XP
 D = Non-vault monster count
 E = Vault monster count
 F = Vault count percentage of total count
                 A         B        C        D         E       F
            +---------+---------+-------+---------+---------+-------
      Total |    4037 |    1685 |  29.4 |     170 |      71 |  29.5
            +---------+---------+-------+---------+---------+-------
        D:1 |      40 |       0 |   0.0 |      26 |       0 |   0.0
        D:2 |      65 |      56 |  46.3 |      18 |      16 |  47.1
        D:3 |      79 |      36 |  31.3 |      25 |       1 |   3.8
        D:4 |     371 |       0 |   0.0 |      15 |       0 |   0.0
        D:5 |     353 |      12 |   3.3 |       7 |       7 |  50.0
        D:6 |    1124 |     662 |  37.1 |      24 |       8 |  25.0
        D:7 |     986 |       0 |   0.0 |      21 |       0 |   0.0
        D:8 |     712 |       0 |   0.0 |      22 |       0 |   0.0
        D:9 |     307 |     330 |  51.8 |      12 |       2 |  14.3
      Sewer |       0 |     228 | 100.0 |       0 |      24 | 100.0
    Ossuary |       0 |     361 | 100.0 |       0 |      13 | 100.0
            +---------+---------+-------+---------+---------+-------
